 Dungeon Crawl Stone Soup version 0.31.0-11-ge490571c62 (webtiles) character file.

Game seed: 5835250842996785243

666 Rassilon the Slasher (level 7, -2/52 (55) HPs)
             Began as a Demonspawn Monk on Jan 29, 2024.
             Slain by an orc
             ... wielding a +2 war axe of draining
              (12 damage)
             ... on level 3 of the Dungeon on Jan 30, 2024.
             The game lasted 00:24:42 (3965 turns).

Rassilon the Slasher (Demonspawn Monk)              Turns: 3965, Time: 00:24:43

HP:   -2/52 (55)    AC:  3    Str: 11    XL:     7   Next: 31%
MP:   7/7           EV: 14    Int: 11    God:
Gold: 71            SH:  0    Dex: 17    Spells: 6/6 levels left

rFire   . . .        a - +0 falchion
rCold   . . .        d - orb {light}
rNeg    . . .        b - +0 robe
rPois   .            (helmet restricted)
rElec   .            e - +0 cloak
rCorr   .            (no gloves)
SInv    .            (no boots)
Will    .....        (no amulet)
Stlth   +            (no ring)
HPRegen 0.28/turn    (no ring)
MPRegen 0.10/turn

%: no passive effects
@: glowing, drained
A: antennae 1, ignite blood 2
a: no special abilities


You were on level 3 of the Dungeon.
You visited 1 branch of the dungeon, and saw 3 of its levels.
You also visited: Sewer.

You collected 71 gold pieces.

Inventory:

Hand Weapons
 a - a +0 falchion (weapon)
Missiles
 c - 2 curare-tipped darts (quivered)
Armour
 b - a +0 robe (worn)
 d - an orb of light (worn)
 e - a +0 cloak (worn)
Scrolls
 f - 2 scrolls of teleportation {unknown}
 g - a scroll of fear
 h - a scroll of butterflies {unknown}
 j - 2 scrolls of fog {unknown}
 k - 2 scrolls of immolation
 m - a scroll of vulnerability
Potions
 i - a potion of invisibility {unknown}
 l - 2 potions of magic {unknown}
 n - a potion of heal wounds {unknown}
 o - 2 potions of curing {unknown}


   Skills:
 + Level 4.9 Fighting
 * Level 5.8 Long Blades
 + Level 4.5 Dodging


You had 6 spell levels left.
You didn't know any spells.
Your spell library contained the following spells:

 Spells                   Type           Power      Damage    Failure   Level
 Ensorcelled Hibernation  Hex/Ice        0%         N/A       47%         2
 Passwall                 Erth           0%         N/A       71%         3
 Swiftness                Air            0%         N/A       71%         3


Dungeon Overview and Level Annotations

Branches:
Dungeon (3/15)              Sewer (visited)

Altars:
Ru

Annotations:
D:3 3 runed translucent doors, Consumeair16's ghost, amateur GnWn; pigah's ghost, weakling OpSh


Innate Abilities, Weirdness & Mutations

You have a pair of small antennae on your head.
Your demonic aura often causes spilled blood to erupt in flames.


Message History

The orc wizard hits you with a +0 dagger.
The orc hits you but does no damage.
You bump into the rock wall.
The orc wizard barely misses you. The orc closely misses you.
You bump into the rock wall.
You feel less confused. The orc wizard misses you.
The orc hits you with a +1 dagger of electrocution.
You hit the orc wizard but do no damage.
The orc wizard is severely wounded.
The orc wizard casts a spell at you. The magic dart hits you!
The orc hits you with a +1 dagger of electrocution.
You slash the orc wizard!
You kill the orc wizard!
The orc misses you.
You hit the orc.
The orc is moderately wounded.
An orc comes into view. It is wielding a +0 club.
The orc is engulfed in blazing flames.
You kill the orc!
The orc throws a boomerang.
The boomerang hits you. The orc misses you. The orc closely misses you.
You see here a +1 dagger of electrocution.
You barely miss the orc. The orc hits you with a +0 club. The orc misses you.
You hit the orc.
You kill the orc!
The orc hits you with a +2 war axe of draining!
You feel drained.
You hit the orc.
The orc is moderately wounded.
The orc hits you with a +2 war axe of draining!
* * * LOW HITPOINT WARNING * * *
You feel drained.
* * * LOW HITPOINT WARNING * * *
Unknown command.
You hit the orc.
The orc is almost dead.
The orc hits you with a +2 war axe of draining!
You die...

.............#.. #.
...+#######'....#
#.##...#...#..)#.....
..... #...#...#..#.#
#.. #.......#..#.# ..
###._.######.#
#.####.......#....#
#o☼#.#.†.#...#.####
#@#.#...#...#.#
#.).+#######+.#
##.....###....#
#...#........#
##...###.########
###..##.#.......
#.......##.#####
#.###..###.#....
#######.#
##.....#.###


You could see an orc.

Vanquished Creatures
  2 brain worms (Sewer)
  3 kobold brigands (Sewer)
  A bombardier beetle (D:3)
  Natasha (thrice) (D:2)
  An orc wizard (D:3)
  Robin (D:2)
  9 adders
  4 river rats (Sewer)
  2 orcs (D:3)
  7 ball pythons
  2 endoplasms (D:1)
  19 goblins
  8 hobgoblins
  2 jackals (Sewer)
  2 quokkas
  6 bats
  3 frilled lizards (Sewer)
  8 kobolds
  4 rats
87 creatures vanquished.

Notes
Turn   | Place    | Note
-------+----------+-------------------------------------------
     0 | D:1      | Rassilon the Demonspawn Monk began the quest for the Orb.
     0 | D:1      | Reached XP level 1. HP: 18/18 MP: 1/1
   111 | D:1      | Gained mutation: Your demonic aura sometimes causes spilled
                  | blood to erupt in flames. [demonic ancestry]
   111 | D:1      | Reached XP level 2. HP: 24/24 MP: 2/2
   172 | D:1      | Reached skill level 3 in Long Blades
  1046 | D:2      | Reached XP level 3. HP: 28/29 MP: 3/3
  1047 | D:2      | Noticed Natasha
  1243 | D:2      | Noticed Robin
  1258 | D:2      | Killed Robin
  1291 | D:2      | Gained mutation: You have a pair of small antennae on your
                  | head. [demonic ancestry]
  1291 | D:2      | Reached XP level 4. HP: 14/35 MP: 4/4
  1534 | D:2      | Killed Natasha
  1552 | D:2      | Noticed Natasha
  1754 | D:2      | Killed Natasha
  1755 | D:2      | Reached skill level 4 in Long Blades
  2024 | D:2      | Noticed Natasha
  2027 | D:2      | Killed Natasha
  2028 | D:2      | Reached XP level 5. HP: 42/42 MP: 5/5
  2310 | D:3      | Found a runed translucent gate.
  2311 | D:3      | Found a runed translucent gate.
  2313 | D:3      | Found a runed translucent gate.
  2313 | D:3      | Noticed pigah's ghost (weakling OpSh)
  2314 | D:3      | Noticed Consumeair16's ghost (amateur GnWn)
  2342 | D:3      | Found a glowing drain.
  2358 | Sewer    | Entered a sewer
  2517 | Sewer    | Reached XP level 6. HP: 16/48 MP: 6/6
  2776 | Sewer    | Reached skill level 5 in Long Blades
  3313 | Sewer    | Gained mutation: Your demonic aura often causes spilled
                  | blood to erupt in flames. [demonic ancestry]
  3313 | Sewer    | Reached XP level 7. HP: 45/55 MP: 5/7
  3734 | D:3      | Found a sacrificial altar of Ru.
  3965 | D:3      | Slain by an orc

Illustrated notes

Levels and vault maps discovered:
D:1:      minmay_arrival_doors, layout_basic, serial_forest,
          infiniplex_forest_diagonal, infiniplex_forest_side_room,
          infiniplex_forest_clump_tiny, infiniplex_forest_corner_1,
          infiniplex_forest_corner_1, infiniplex_forest_end_2, nicolae_titane
D:2:      wander_river, layout_loops_ring, uniq_natasha, uniq_robin
D:3:      layout_basic, nicolae_ru_great_annihilating_truth,
          gammafunk_ghost_cemetery, portal_sewer_entry_d,
          nicolae_elevator_lobby_plus

Skill      XL: |  1  2  3  4  5  6 |
---------------+-------------------+-----
Long Blades    | 3 4 5 |  5.8
Dodging        | 3 4 |  4.5
Fighting       | 4 |  4.9

Action                     |  1- 3 |  4- 6 |  7- 9 || total
---------------------------+-------+-------+-------++-------
  Melee: Falchion          |   108 |   158 |    51 ||   317
    Use: Potion            |     1 |     2 |       ||     3
         Scroll            |       |     6 |       ||     6
   Stab: Paralysed         |       |       |     1 ||     1
 Armour: Robe              |    67 |    81 |    21 ||   169
         Skin              |       |     7 |       ||     7
  Dodge: Dodged            |    84 |   103 |    30 ||   217
